 Dungeon Crawl Stone Soup version 0.21-a0-442-g848f44b (webtiles) character file.

1115 kae the Digger (level 8, -3/45 HPs)
             Began as a Gargoyle Earth Elementalist on Nov 16, 2017.
             Was a Believer of Vehumet.
             Incinerated by theanonym's ghost (4 damage)
             ... with a sticky flame
             ... in an ossuary.
             The game lasted 00:06:40 (5971 turns).

kae the Digger (Gargoyle Earth Elementalist)        Turns: 5971, Time: 00:06:41

Health: -3/45      AC: 18    Str: 12    XL:     8   Next: 34%
Magic:  9/15       EV: 12    Int: 18    God:    Vehumet [**....]
Gold:   72         SH:  0    Dex: 10    Spells: 13/17 levels left

rFire    . . .     SeeInvis .   z - +0 whip (drain)
rCold    . . .     Gourm    .   (no shield)
rNeg     + . .     Faith    .   c - +0 robe
rPois    ∞         Spirit   .   (no helmet)
rElec    +         Reflect  .   l - +0 cloak
rCorr    .         Harm     .   m - +1 pair of gloves
MR       .....                  s - +1 pair of boots
Stlth    +.........             (no amulet)
HPRegen  0.15/turn              v - ring of wizardry
MPRegen  0.14/turn              y - +6 ring of protection

@: liquid flames, glowing
A: negative energy resistance 1, electricity resistance, unbreathing,
petrification resistance, rot immunity, AC +5
a: Renounce Religion


You were in an ossuary.
You worshipped Vehumet.
Vehumet was pleased with you.
You were not hungry.

You visited 2 branches of the dungeon, and saw 6 of its levels.
You also visited: Ossuary.

You collected 240 gold pieces.
You spent 168 gold pieces at shops.

Inventory:

Hand Weapons
 a - a +0 club
 z - a +0 whip of draining (weapon)
Missiles
 b - 110 stones (quivered)
Armour
 c - a +0 robe (worn)
 l - a +0 cloak (worn)
 m - a +1 pair of gloves (worn)
 s - a +1 pair of boots (worn)
 A - a +0 helmet of intelligence
Jewellery
 v - a ring of wizardry (left hand)
 y - a +6 ring of protection (right hand)
Wands
 h - a wand of lightning (2/15)
Scrolls
 i - a scroll of fear
 r - a scroll of fog
 x - a scroll of enchant armour
 B - 4 scrolls of remove curse
Potions
 j - a potion of lignification {unknown}
 k - 2 potions of cancellation
 n - 2 potions of ambrosia
 o - 2 potions of agility
 p - 4 potions of magic
 t - 2 potions of invisibility
 w - a potion of might {unknown}
 C - a potion of heal wounds {unknown}
 D - a potion of curing
Books
 e - a book of Geomancy

   Spells                             Type                      Level
   a - Sandblast                      Earth                        1
   b - Passwall                       Transmutation/Earth          2
   c - Stone Arrow                    Conjuration/Earth            3
   d - Petrify                        Transmutation/Earth          4
   e - Lee's Rapid Deconstruction     Earth                        5
 q - a book of Misfortune

   Spells                             Type                      Level
   a - Confusing Touch                Hexes                        1
   b - Confuse                        Hexes                        3
   c - Gell's Gravitas                Translocation                3
   d - Petrify                        Transmutation/Earth          4
   e - Metabolic Englaciation         Hexes/Ice                    5
   f - Yara's Violent Unravelling     Hexes/Transmutation          5
Comestibles
 d - 4 bread rations
 f - a fruit
 u - 4 meat rations


   Skills:
 + Level 2.9 Fighting
 + Level 1.9 Maces & Flails
 + Level 2.8 Dodging
 - Level 2.1 Stealth
 * Level 5.0 Spellcasting
 * Level 4.4 Conjurations
   Level 0.7 Transmutations
 * Level 7.0 Earth Magic


You had 13 spell levels left.
You knew the following spells:

 Your Spells              Type           Power        Failure   Level  Hunger
a - Sandblast             Erth           ####..       1%          1    None
b - Stone Arrow           Conj/Erth      ####..       1%          3    ##.....


Dungeon Overview and Level Annotations

Branches:
Dungeon (5/15)             Temple (1/1) D:4

Altars:
Dithmenos
Elyvilon
Fedhas
Gozag
Kikubaaqudgha
Makhleb
Nemelex Xobeh
Trog
Vehumet
Zin

Shops:
D:4 :*(=


Innate Abilities, Weirdness & Mutations

You are resistant to torment.
Your stone body is resilient. (AC +5)
You are immune to poison.
You resist negative energy. (rN+)
You are resistant to electric shocks. (rElec)
You can survive without breathing.
You are immune to petrification.
You are immune to rotting.


Message History

Theanonym's ghost hits you but does no damage.
Casting: Sandblast
Confirm with . or Enter, or press ? or * to list all spells.
Aiming: Sandblast
Press: ? - help, Shift-Dir - straight line, f/p - theanonym's ghost
Aim: theanonym's ghost (almost destroyed)
The blast of sand hits theanonym's ghost.
You destroy theanonym's ghost!
Vehumet accepts your kill.
Your Spellcasting skill increases to level 5!
Your Earth Magic skill increases to level 7!
b - 110 stones You are covered in liquid flames!
* * * LOW HITPOINT WARNING * * *
Casting: Sandblast
Confirm with . or Enter, or press ? or * to list all spells.
You can't see any susceptible monsters within range! (Use Z to cast anyway.)
You are on fire!
You are covered in liquid flames!
You die...

.!. ... ...
#.# #'#
###.###
##.....##
#.......#
##...@...##
+...∩∩∩...+
##...∩...##
#.......#
##.....##
###.### #+#


There were no monsters in sight!

Vanquished Creatures
  The ghost of theanonym the Magician, an amateur DEFE (Ossuary)
  A phantom (D:5)
  2 scorpions
  A howler monkey (D:4)
  3 crimson imps (D:5)
  2 hounds
  3 orc priests
  Crazy Yiuf (D:2)
  An iguana (D:5)
  2 orc wizards
  2 worker ants
  13 gnolls
  6 adders
  2 worms
  2 dart slugs
  A leopard gecko (D:1)
  24 orcs
  8 goblins
  9 hobgoblins
  11 jackals
  3 quokkas
  9 bats
  5 frilled lizards
  A giant cockroach zombie (D:5)
  16 kobolds
  9 rats
138 creatures vanquished.

Notes
Turn   | Place    | Note
-------+----------+-------------------------------------------
     0 | D:1      | kae the Gargoyle Earth Elementalist began the quest for the Orb.
     0 | D:1      | Reached XP level 1. HP: 10/10 MP: 3/3
   201 | D:1      | Reached skill level 4 in Earth Magic
   201 | D:1      | Reached XP level 2. HP: 10/15 MP: 3/5
  1165 | D:2      | Reached XP level 3. HP: 18/19 MP: 6/6
  1193 | D:2      | Found a runed door.
  1322 | D:2      | Reached XP level 4. HP: 10/24 MP: 8/8
  1553 | D:2      | Learned a level 3 spell: Stone Arrow
  2100 | D:2      | Reached skill level 5 in Earth Magic
  2607 | D:2      | Noticed Crazy Yiuf
  2613 | D:2      | Killed Crazy Yiuf
  2613 | D:2      | Reached skill level 1 in Conjurations
  2613 | D:2      | Reached XP level 5. HP: 26/28 MP: 2/10
  2770 | D:3      | Found a sparkling altar of Nemelex Xobeh.
  3419 | D:4      | Found Pynytzaf's Antique Weapon Emporium.
  3504 | D:4      | Found a staircase to the Ecumenical Temple.
  3521 | D:4      | Reached skill level 1 in Fighting
  3542 | Temple   | Entered the Ecumenical Temple
  3560 | Temple   | Reached XP level 6. HP: 14/34 MP: 0/11
  3721 | Temple   | Became a worshipper of Vehumet
  4208 | D:4      | Found Kafimodi's Assorted Antiques.
  4215 | D:4      | Bought a fuming black potion for 18 gold pieces
  4215 | D:4      | Bought a runed helmet for 150 gold pieces
  4588 | D:4      | Found Catres Potei's Book Shop.
  4608 | D:4      | Reached skill level 6 in Earth Magic
  4608 | D:4      | Reached XP level 7. HP: 37/39 MP: 13/13
  4740 | D:4      | Found a bloodstained altar of Trog.
  4906 | D:4      | Reached * piety under Vehumet
  4906 | D:4      | Offered knowledge of Flame Tongue by Vehumet.
  5210 | D:4      | Found Byruge Noeh's Jewellery Shop.
  5238 | D:5      | Entered Level 5 of the Dungeon
  5372 | D:5      | Reached skill level 1 in Maces & Flails
  5466 | D:5      | Found a sparkling altar of Nemelex Xobeh.
  5598 | D:5      | Reached XP level 8. HP: 33/45 MP: 7/15
  5622 | D:5      | Offered knowledge of Shock by Vehumet.
  5641 | D:5      | Reached ** piety under Vehumet
  5942 | D:5      | Found a sand-covered staircase.
  5947 | Ossuary  | Entered an ossuary
  5962 | Ossuary  | Noticed theanonym's ghost (amateur DEFE)
  5970 | Ossuary  | Killed theanonym's ghost
  5970 | Ossuary  | Reached skill level 5 in Spellcasting
  5970 | Ossuary  | Reached skill level 7 in Earth Magic
  5970 | Ossuary  | HP: 1/45 [burnt (6)]
  5971 | Ossuary  | Incinerated by theanonym's ghost

Vault maps used:
D:1:      eino_arrival_tree_alley
D:2:      first_bread, uniq_crazy_yiuf_cottage
D:3:      old_standard_altar
D:4:      corexii_shantytown, temple_fountains, serial_shops,
          nicolae_shop_statue_plus, shop, nicolae_shop_behind_doors, shop,
          trog_book
D:5:      enter_ossuary_5, nemelex_xobeh_ov_fountains_minmay
Temple:   jpeg_temple_island
Ossuary:  ossuary_minmay_four_chambers

Skill      XL: |  1  2  3  4  5  6  7  8 |
---------------+-------------------------+-----
Earth Magic    | 4 5 6 7 |  7.0
Spellcasting   | 3 4 5 |  5.0
Conjurations   | 1 2 3 4 |  4.4
Fighting       | 1 2 |  2.9
Dodging        | 2 |  2.8
Maces & Flails | 1 |  1.9
Stealth        | |  2.1
Transmutations | |  0.7

Action                   |  1- 3 |  4- 6 |  7- 9 || total
-------------------------+-------+-------+-------++-------
Melee: Unarmed           |    25 |       |       ||    25
       Club              |   105 |   113 |       ||   218
       Whip              |       |    86 |   181 ||   267
 Cast: Sandblast         |    10 |    65 |    30 ||   105
       Stone Arrow       |       |     7 |    14 ||    21
  Use: Potion            |       |     3 |       ||     3
       Scroll            |       |    12 |     2 ||    14
 Stab: Sleeping          |     4 |     4 |     4 ||    12
  Eat: Chunk             |     2 |    11 |     6 ||    19
Armor: Robe              |    58 |   120 |   145 ||   323
Dodge: Dodged            |   132 |   187 |   152 ||   471

Table legend:
 A = Spawn XP
 B = Non-spawn XP
 C = Spawn XP percentage of total XP
 D = Spawn monster count
 E = Non-spawn monster count
 F = Spawn count percentage of total count
 G = Total turns spent on level
                    A         B        C        D         E        F      G
               +---------+---------+-------+---------+---------+-------+---------
         Total |       0 |    1594 |   0.0 |       0 |     138 |   0.0 |  5971
               +---------+---------+-------+---------+---------+-------+---------
           D:1 |       0 |      32 |   0.0 |       0 |      17 |   0.0 |  1126
           D:2 |       0 |     138 |   0.0 |       0 |      27 |   0.0 |  1533
           D:3 |       0 |      44 |   0.0 |       0 |      18 |   0.0 |   760
           D:4 |       0 |     458 |   0.0 |       0 |      48 |   0.0 |  1449
           D:5 |       0 |     616 |   0.0 |       0 |      25 |   0.0 |   709
        Temple |       0 |      69 |   0.0 |       0 |       2 |   0.0 |   370
       Ossuary |       0 |     237 |   0.0 |       0 |       1 |   0.0 |    24
               +---------+---------+-------+---------+---------+-------+---------
